Map: Bel'Shir Vestige LE (Void)

Players

BLY - Winner!

  • Race: Zerg Zerg
  • Spawn Location: 5:00

FeaR

  • Race: Protoss Protoss
  • Spawn Location: 11:00

Event: WCS Austin 2017

VOD

Have the link to the VOD?

Description

Time

  • Played on: April 28, 2017, 2:04 p.m.
  • Length: 7:57

All games in this series

Show
View Real Time Build Order
Export as new Build Order

BLY Zerg - Winner!

Build Orders: Hatch First 

Get SALT Encoding   

  12  0:01  Drone  
  13  0:12  Overlord  
  13  0:18  Drone  
  14  0:30  Drone x2  
  14  0:35  Drone  
  17  0:51  Hatchery  
  17  0:56  Drone x2  
  18  1:01  Extractor  
  17  1:12  Spawning Pool  
  17  1:16  Drone  
  17  1:20  Drone  
  18  1:29  Drone  
  19  1:45  Overlord  
  19  1:58  Queen  
  19  1:59  Zergling x2  
  22  2:03  Queen  
  22  2:04  Drone x2  
  22  2:07  Metabolic Boost  
  26  2:11  Drone  
  26  2:14  Zergling x2  
  28  2:24  Drone x2  
  30  2:36  Hatchery  
  29  2:38  Drone  
  29  2:43  Drone x2  
  32  2:49  Overlord  
  32  2:54  Drone  
  33  2:58  Queen  
  34  3:15  Drone x4  
  38  3:22  Drone x3  
  38  3:25  Overlord  
  40  3:32  Evolution Chamber  
  40  3:33  Queen  
  41  3:39  Zergling x4  
  41  3:40  Zergling x2  
  44  3:41  Overlord  
  44  3:42  Zergling x2, Extractor  
  45  3:50  Drone x4  
  45  3:51  Queen  
  51  3:58  Zerg Melee Weapons Level 1  
  51  3:59  Drone x2  
  51  4:00  Drone  
  54  4:06  Drone x2  
  54  4:07  Drone  
  57  4:13  Overlord  
  57  4:15  Drone x2  
  58  4:31  Roach Warren  
  57  4:33  Queen  
  57  4:37  Zergling x14  
  66  4:45  Overlord  
  65  4:50  Queen  
  65  4:51  Overlord  
  65  4:56  Drone x4  
  65  4:57  Drone x3  
  65  4:58  Spore Crawler  
  71  5:00  Spore Crawler  
  70  5:08  Queen, Overlord  
  70  5:09  Extractor  
  70  5:10  Zergling x10  
  70  5:11  Zergling x2  
  76  5:24  Overlord x2  
  76  5:25  Drone x3  
  79  5:30  Spore Crawler  
  78  5:39  Roach x6  
  78  5:41  Overlord  
  90  5:43  Lair  
  90  5:53  Roach x3  
  96  6:00  Roach  
  98  6:07  Roach x2, Zergling x2  
  98  6:08  Zergling x6  
  104  6:23  Zergling x4  
  104  6:25  Overlord x2  
  105  6:27  Extractor  
  105  6:30  Overlord  
  104  6:35  Drone  
  104  6:36  Hatchery  
  104  6:39  Extractor  
  103  6:40  Overlord  
  103  6:43  Hatchery  
  97  6:57  Drone x4  
  97  6:58  Drone x7  
  104  7:03  Overlord  
  100  7:13  Zergling x2  
  100  7:14  Zergling x12  
  101  7:22  Drone x3  
  97  7:23  Drone  
  97  7:24  Zergling x6  
  98  7:31  Zergling x2  
  98  7:32  Zergling x8  
  95  7:40  Drone x2  
  97  7:48  Extractor  
Show
View Real Time Build Order
Export as new Build Order

FeaR Protoss 

Build Orders: Nexus First, Oracle Opening 

Get SALT Encoding   

  12  0:00  Probe (Chrono Boost)  
  13  0:11  Probe (Chrono Boost)  
  14  0:19  Pylon  
  14  0:22  Probe (Chrono Boost)  
  15  0:38  Probe (Chrono Boost)  
  16  0:48  Probe (Chrono Boost)  
  17  0:59  Nexus  
  17  1:09  Gateway  
  17  1:13  Probe (Chrono Boost)  
  17  1:17  Assimilator  
  18  1:23  Probe (Chrono Boost)  
  19  1:27  Assimilator  
  19  1:34  Probe (Chrono Boost)  
  19  1:37  Pylon  
  20  1:44  Probe (Chrono Boost)  
  21  1:55  Probe (Chrono Boost)  
  21  1:57  Cybernetics Core  
  22  2:05  Probe (Chrono Boost)  
  23  2:11  Probe (Chrono Boost)  
  24  2:16  Probe (Chrono Boost)  
  24  2:21  Probe (Chrono Boost)  
  26  2:27  Probe (Chrono Boost)  
  26  2:29  Stalker  
  27  2:33  Probe (Chrono Boost), Warp Gate  
  30  2:37  Probe (Chrono Boost)  
  30  2:38  Stargate  
  32  2:45  Probe (Chrono Boost)  
  32  2:48  Probe (Chrono Boost)  
  33  2:55  Adept  
  33  2:57  Probe (Chrono Boost)  
  35  2:58  Probe (Chrono Boost)  
  37  3:09  Probe x2 (Chrono Boost)  
  36  3:19  Probe (Chrono Boost)  
  37  3:21  Probe (Chrono Boost)  
  35  3:27  Oracle  
  35  3:31  Probe (Chrono Boost), Gateway  
  35  3:33  Probe (Chrono Boost)  
  40  3:41  Gateway  
  40  3:43  Probe x2 (Chrono Boost)  
  40  3:48  Adept  
  44  3:50  Pylon  
  44  3:54  Probe (Chrono Boost)  
  44  3:55  Probe (Chrono Boost)  
  46  4:03  Oracle  
  46  4:06  Twilight Council  
  46  4:08  Probe (Chrono Boost), Pylon  
  51  4:10  Probe (Chrono Boost)  
  51  4:15  Assimilator  
  51  4:19  Probe (Chrono Boost)  
  51  4:22  Probe (Chrono Boost)  
  53  4:25  Pylon  
  53  4:29  Probe (Chrono Boost)  
  54  4:34  Probe (Chrono Boost)  
  54  4:37  Adept x3  
  61  4:41  Resonating Glaives  
  60  4:46  Probe (Chrono Boost)  
  60  4:47  Phoenix  
  62  4:55  Probe (Chrono Boost)  
  62  4:58  Probe (Chrono Boost), Pylon  
  64  5:00  Adept x3  
  70  5:13  Nexus  
  70  5:20  Adept x2  
  74  5:23  Adept  
  74  5:25  Probe (Chrono Boost)  
  74  5:26  Probe (Chrono Boost)  
  78  5:31  Assimilator  
  78  5:37  Pylon x2  
  78  5:46  Robotics Facility  
  78  5:48  Forge  
  78  5:53  Pylon x2  
  78  5:55  Pylon  
  78  6:09  Probe (Chrono Boost)  
  78  6:10  Probe (Chrono Boost)  
  76  6:18  Sentry x3  
  78  6:19  Probe (Chrono Boost)  
  78  6:21  Nexus  
  78  6:22  Probe (Chrono Boost)  
  78  6:23  Pylon  
  78  6:25  Pylon  
  68  6:30  Probe (Chrono Boost)  
  67  6:32  Immortal  
  67  6:34  Probe (Chrono Boost)  
  72  6:42  Probe (Chrono Boost)  
  72  6:45  Adept x3  
  72  6:47  Probe (Chrono Boost)  
  71  6:54  Probe (Chrono Boost)  
  71  6:59  Probe (Chrono Boost)  
  70  7:05  Zealot x3  
  70  7:06  Probe (Chrono Boost)  
  70  7:07  Immortal  
  73  7:11  Probe (Chrono Boost)  
  64  7:18  Probe (Chrono Boost)  
  55  7:23  Probe (Chrono Boost)  
  55  7:28  Adept x2  
  57  7:31  Probe (Chrono Boost)  
  57  7:34  Probe (Chrono Boost)  
  57  7:35  Probe (Chrono Boost)  
  55  7:43  Probe (Chrono Boost), Stalker  
  58  7:47  Probe (Chrono Boost)  
  64  7:51  Adept  
Tags
 
Add a new tag
Caveats
  • Supply blocks, unpowered buildings, or Contaminate may cause inaccurate times.
  • Supply counts are checked every 10 seconds.